 Dungeon Crawl Stone Soup version 0.26.0-45-g9c1d065592 (webtiles) character file.

Game seed: 4238850497844041471

216 kaeus the Sneak (level 5, -2/37 HPs)
             Began as an Octopode Monk on Jan 28, 2021.
             Slain by a gnoll
             ... wielding a +0 spear
              (7 damage)
             ... on level 4 of the Dungeon.
             The game lasted 00:04:39 (2918 turns).

kaeus the Sneak (Octopode Monk)                     Turns: 2918, Time: 00:04:40

Health: -2/37      AC:  1    Str: 11    XL:     5   Next: 93%
Magic:  5/5        EV: 15    Int: 12    God:
Gold:   148        SH:  0    Dex: 15    Spells: 4/4 levels left

rFire    . . .     SeeInvis +   f - +3 dagger (venom)
rCold    . . .     Faith    .   (no shield)
rNeg     . . .     Spirit   .   (helmet restricted)
rPois    .         Reflect  .   (no amulet)
rElec    .         Harm     .   d - ring of resist corrosion
rCorr    +         Rampage  .   b - ring of see invisible
Will     .....                  (no ring)
Stlth    ++++......             (no ring)
HPRegen  0.12/turn              (no ring)
MPRegen  0.09/turn              (no ring)
                                (no ring)
                                (no ring)

@: no status effects
A: almost no armour, stealthy swim, amphibious, 8 rings, constrict 8, camouflage
1, gelatinous body 1
a: no special abilities


You were on level 4 of the Dungeon.
You visited 1 branch of the dungeon, and saw 4 of its levels.

You collected 148 gold pieces.

Inventory:

Hand Weapons
 f - a +3 dagger of venom (weapon)
Jewellery
 b - a ring of see invisible (right tentacle)
 d - a ring of resist corrosion (left tentacle)
 u - an uncursed ring of magical power {unknown}
Wands
 s - a wand of digging (4)
Scrolls
 h - 3 scrolls of fear {unknown}
 l - 2 scrolls of fog {unknown}
 n - 6 scrolls of remove curse {unknown}
 p - a scroll of blinking {unknown}
 q - 3 scrolls of identify {unknown}
 r - 3 scrolls of magic mapping {unknown}
Potions
 a - 2 potions of invisibility {unknown}
 c - a potion of attraction {unknown}
 e - a potion of heal wounds {unknown}
 g - 2 potions of brilliance {unknown}
 i - a potion of haste {unknown}
 j - a potion of mutation {unknown}
 k - a potion of flight {unknown}
 m - a potion of degeneration {unknown}
 o - 2 potions of resistance {unknown}
 t - a potion of cancellation {unknown}


   Skills:
 + Level 3.8 Fighting
 + Level 3.9 Short Blades
 + Level 3.9 Dodging
 * Level 5.7 Stealth


You had 4 spell levels left.
You didn't know any spells.
Your spell library was empty.

Dungeon Overview and Level Annotations

Branches:
Dungeon (4/15)
 Temple: D:4-7

Altars:
Trog

Annotations:
D:3 3 runed translucent doors, Hehehe's ghost, amateur DECj


Innate Abilities, Weirdness & Mutations

You cannot wear most types of armour.
You are very stealthy in the water. (Stealth+)
You are amphibious.
You can wear up to eight rings at the same time.
You can use your tentacles to constrict eight enemies at once.
Your skin changes colour to match your surroundings (Stealth+).
Your rubbery body absorbs attacks. (AC +1, EV +1)


Message History

The gnoll misses you.
You take 12 damage, and have 25/37 hp.
MASSIVE DAMAGE!!
The gnoll misses you. The gnoll hits you with a +0 spear!
You take 9 damage, and have 16/37 hp.
MASSIVE DAMAGE!!
You barely miss the gnoll. You grab the gnoll. You constrict the gnoll.
The gnoll barely misses you.
You release your grip on the gnoll.
The gnoll hits you from afar with a +0 spear!
* * * LOW HITPOINT WARNING * * *
You take 6 damage, and have 10/37 hp.
You hit the gnoll. You grab the gnoll. You squeeze the gnoll!
The gnoll is almost dead.
You constrict the gnoll. The gnoll hits you with a +0 club.
* * * LOW HITPOINT WARNING * * *
You take 5 damage, and have 5/37 hp.
You hit the gnoll.
You kill the gnoll!
The gnoll hits you from afar with a +0 spear!
You die...

#.# #.###.## #.#...#
##.##########.#....# #.#...#
.....†......#.#.#..###.#...######
##.########.....#..##............
##.### #.....#..##...........<
#....# #.....#..##......#####.
#..#.# #.#+#.#..##......# #.
#..#.######.#.#.#..##......# ##
#..#.........gg)@..........#
#..########.#o#..#.#.......# #..#
#+#.#.)#.#.......# #..#
....g..o#............# #..
........##.#.#.#.....#
$........#.#.#.......#
.......#o#.# #..(....# #####+#
.#.# .#..


You could see 2 gnolls and an orc.

Vanquished Creatures
  Ijyb (D:3)
  8 adders
  5 gnolls
  An ooze (D:3)
  3 dart slugs (D:1)
  A worm (D:3)
  A leopard gecko (D:3)
  4 bats
  3 giant cockroaches
  9 goblins
  8 hobgoblins
  A quokka (D:4)
  2 ball pythons
  4 frilled lizards
  16 kobolds
  8 rats
75 creatures vanquished.

Notes
Turn   | Place    | Note
-------+----------+-------------------------------------------
     0 | D:1      | kaeus the Octopode Monk began the quest for the Orb.
     0 | D:1      | Reached XP level 1. HP: 16/16 MP: 1/1
    48 | D:1      | Reached skill level 3 in Stealth
   119 | D:1      | Reached XP level 2. HP: 10/21 MP: 2/2
   629 | D:1      | Reached XP level 3. HP: 24/26 MP: 3/3
  1053 | D:2      | Found a bloodstained altar of Trog.
  1133 | D:2      | Reached skill level 4 in Stealth
  1228 | D:2      | Reached XP level 4. HP: 31/31 MP: 4/4
  1688 | D:2      | Reached XP level 5. HP: 36/36 MP: 5/5
  1812 | D:2      | Reached skill level 5 in Stealth
  2216 | D:3      | Noticed Ijyb
  2222 | D:3      | Killed Ijyb
  2392 | D:3      | Found a runed translucent gate.
  2392 | D:3      | Found a runed translucent gate.
  2393 | D:3      | Found a runed translucent gate.
  2395 | D:3      | Noticed Hehehe's ghost (amateur DECj)
  2918 | D:4      | Slain by a gnoll

Illustrated notes

Levels and vault maps discovered:
D:1:      psy_arrival_fountain, layout_basic
D:2:      layout_loops_ring, kennysheep_pointless_box, bloody_trog
D:3:      layout_loops_ring, gammafunk_ghost_necromancy, nrook_loot_triangle,
          uniq_ijyb
D:4:      layout_basic, minmay_starry_boxes

Skill      XL: |  1  2  3  4  5 |
---------------+----------------+-----
Stealth        | 3 4 5 |  5.7
Fighting       | |  3.8
Short Blades   | |  3.9
Dodging        | |  3.9

Action                   |  1- 3 |  4- 6 || total
-------------------------+-------+-------++-------
Melee: Short sword       |    13 |       ||    13
       Dagger            |    60 |    66 ||   126
       Constrict         |    20 |    12 ||    32
       Tentacles         |    16 |    12 ||    28
 Stab: Distracted        |     1 |       ||     1
       Sleeping          |     2 |    21 ||    23
Armor: Skin              |     3 |     1 ||     4
Dodge: Dodged            |    33 |    24 ||    57
